 Dungeon Crawl Stone Soup version 0.30-a0-715-gdb4ae3ece1 (webtiles) character file.

Game seed: 2198380815416861636

84807 warriortoast the Warrior (level 15, -2/123 HPs)
             Began as a Barachi Fighter on Jan 20, 2023.
             Was a High Priest of Hepliaklqana.
             Collided with a metal wall (16 damage)
             ... caused by a wretched star
             ... on level 4 of the Abyss on Jan 23, 2023.
             The game lasted 01:32:51 (26098 turns).

warriortoast the Warrior (Barachi Fighter)         Turns: 26098, Time: 01:32:51

Health: -2/123     AC: 19    Str: 22    XL:     15   Next: 81%
Magic:  19/19      EV: 15    Int: 10    God:    Hepliaklqana [*****.]
Gold:   1336       SH:  6    Dex: 12    Spells: 20/20 levels left

rFire   + . .      SeeInvis .    b - +5 war axe of Analysis {elec, rN++}
rCold   . . .      Faith    .    c - +0 buckler
rNeg    + + .      Spirit   .    Z - +6 ring mail "Qiginuf" {Fly}
rPois   .          Reflect  .    o - +0 helmet
rElec   +          Harm     .    A - +0 cloak
rCorr   .          Rampage  .    t - +0 pair of gloves
Will    +....                    X - +0 pair of boots
Stlth   +                        h - amulet of Moral Flaws {RegenMP Int+4 Dex+3}
HPRegen 0.40/turn                M - ring of Muradu Weci {Wiz rElec rF+ Dex-4}
MPRegen 0.56/turn                I - +5 ring of evasion

@: flying, unable to drink, slow
A: reduced essence, amphibious, slowness 1, strong legs 2, +LOS, [dopey 2],
[inability to drink after injury 2]
a: Hop, Renounce Religion, Recall Ancestor, Ancestor Identity, Transference,
Idealise


You were on level 4 of the Abyss.
You worshipped Hepliaklqana.
Hepliaklqana was extremely pleased with you.
You visited 3 branches of the dungeon, and saw 18 of its levels.
You visited the Abyss 1 time.
You also visited: Sewer.

You collected 1589 gold pieces.
You spent 253 gold pieces at shops.

Inventory:

Hand Weapons
 b - the +5 war axe of Analysis (weapon) {elec, rN++}
   (You found it on level 3 of the Dungeon)

   rN:        It greatly protects you from negative energy.
 u - the +7 Spriggan's Knife {stab, EV+4 Stlth+}
   (You found it on level 10 of the Dungeon)

   Stab:      It is more effective when stabbing unaware enemies, sometimes
   treating them as though they were completely helpless.
   EV:        It affects your evasion (+4).
   Stlth:     It makes you more stealthy.
 J - a +0 morningstar of protection
Missiles
 a - 52 poisoned darts
 z - 13 boomerangs (quivered)
Armour
 c - a +0 buckler (worn)
 k - a +0 tower shield
 o - a +0 helmet (worn)
 p - a +0 plate armour of cold resistance
 t - a +0 pair of gloves (worn)
 A - a +0 cloak (worn)
 X - a +0 pair of boots (worn)
 Z - the +6 ring mail "Qiginuf" (worn) {Fly}
   (You found it on level 5 of the Lair of Beasts)

   Fly:       It grants you flight.
Jewellery
 g - an amulet of regeneration
 h - the amulet of Moral Flaws (around neck) {RegenMP Int+4 Dex+3}
   (You found it on level 5 of the Lair of Beasts)

   [amulet of magic regeneration]

   It increases your rate of magic regeneration.
   Int:       It affects your intelligence (+4).
   Dex:       It affects your dexterity (+3).
 v - an amulet of reflection
 y - a ring of protection from cold
 I - a +5 ring of evasion (right hand)
 M - the ring of Muradu Weci (left hand) {Wiz rElec rF+ Dex-4}
   (You found it on level 3 of the Lair of Beasts)

   [ring of wizardry]

   It improves your spell success rate.
   Dex:       It affects your dexterity (-4).
   rF:        It protects you from fire.
   rElec:     It insulates you from electricity.
 O - a ring of protection from cold
 Q - a +6 ring of intelligence
Wands
 s - a wand of flame (21)
 F - a wand of polymorph (3)
 R - a wand of paralysis (15)
 S - a wand of digging (3)
 U - a wand of mindburst (7)
Scrolls
 f - a scroll of summoning
 i - 2 scrolls of fear
 j - 6 scrolls of teleportation
 m - 7 scrolls of magic mapping
 x - 3 scrolls of amnesia
 C - 8 scrolls of enchant armour
 D - 4 scrolls of enchant weapon
 G - 4 scrolls of silence
 K - 6 scrolls of identify
 L - 2 scrolls of blinking
 P - 4 scrolls of fog
Potions
 d - 2 potions of magic
 l - 7 potions of heal wounds
 n - 14 potions of curing
 q - a potion of berserk rage
 r - a potion of lignification
 w - 5 potions of brilliance
 B - 3 potions of flight
 E - 8 potions of haste
 H - 3 potions of resistance
 N - a potion of might
 W - 3 potions of invisibility
Miscellaneous
 e - a phial of floods


   Skills:
 + Level 18.3 Fighting
 - Level 14.3(15.0) Axes
 - Level 6.9(11.5) Maces & Flails
 - Level 13.0 Throwing
 + Level 10.7 Armour
 + Level 10.6 Shields
 + Level 3.0 Spellcasting
 + Level 2.7 Invocations


You had 20 spell levels left.
You didn't know any spells.
Your spell library contained the following spells:

 Spells                   Type           Power      Damage    Failure   Level
 Apportation              Tloc           2%         N/A       19%         1
 Necrotise                Necr           4%         1d4       19%         1
 Sandblast                Erth           2%         2d4       19%         1
 Summon Small Mammal      Summ           4%         N/A       19%         1
 Cigotuvi's Dreadful Rot  Necr/Pois/Air  2%         N/A       28%         2
 Passwall                 Tmut/Erth      0%         N/A       28%         2
 Dazzling Flash           Conj/Hex       2%         N/A       47%         3
 Ignite Poison            Fire/Tmut/Pois 1%         N/A       47%         3
 Stone Arrow              Conj/Erth      2%         3d7       47%         3
 Anguish                  Hex/Necr       0%         N/A       86%         4
 Dispel Undead            Necr           1%         3d6       86%         4
 Sticky Flame             Conj/Fire      1%         2d3       86%         4
 Blade Hands              Tmut           0%         N/A       99%         5
 Irradiate                Conj/Tmut      0%         3d11      99%         5
 Summon Forest            Summ/Tloc      0%         N/A       99%         5
 Summon Mana Viper        Hex/Summ       1%         N/A       99%         5
 Yara's Violent Unravell  Hex/Tmut       0%         3d3       99%         5
 Death Channel            Necr           0%         N/A       100%        6
 Summon Cactus Giant      Summ           0%         N/A       100%        6
 Dragon Form              Tmut           0%         N/A       100%        7
 Ignition                 Fire           0%         3d3       100%        8


Dungeon Overview and Level Annotations

Branches:
Dungeon (12/15)            Temple (1/1) D:7            Lair (5/5) D:8
 Shoals (0/4) Lair:3        Snake (0/4) Lair:3        Slime (0/5) Lair:5
    Orc (0/2) D:12          Sewer (visited)

Altars:
Ashenzari
Cheibriados
Fedhas
Gozag
Hepliaklqana
Kikubaaqudgha
Makhleb
Okawaru
Qazlal
Sif Muna
Trog
Uskayaw
Vehumet
Yredelemnul
Zin
The Shining One

Shops:
D:3 !   D:12 [

Portals:
Trove: D:12 (show abyssal rune of Zot)

Annotations:
D:9 exclusion: door
D:10 exclusions: obsidian statue and orange crystal statue
D:12 Erolcha


Innate Abilities, Weirdness & Mutations

Your life essence is reduced to manifest your ancestor. (-10% HP)
You are amphibious.
You cover ground slowly.
You can hop long distances.
You have an extended range of vision and can be seen from far away.
[You are very dopey. (Int -4)]
[You sometimes lose the ability to drink potions when taking damage.]


Message History

You feel stupid. x2
The wretched star glows turbulently.
The lance of force hits you!!
You hit the wretched star but do no damage.
A white imp comes into view.
The wretched star glows turbulently.
The lance of force hits you!
The white imp shouts, "Scamper away, thou baffled crook-pated cross-patch!"
You slash the wretched star!
The wretched star is lightly damaged.
You hit the wretched star.
The wretched star is moderately damaged.
You completely miss the wretched star.
The wretched star is moderately damaged.
The wretched star glows turbulently.
The lance of force hits you!!
* * * LOW HITPOINT WARNING * * *
You are knocked back by the lance of force.
You slam into the metal wall!
* * * LOW HITPOINT WARNING * * *
You hit the wretched star.
The wretched star is moderately damaged.
The wretched star pulses with an eldritch light!
You occasionally lose the ability to drink potions when taking damage.
You lose the ability to drink potions when taking damage more often.
You hit the wretched star but do no damage.
The wretched star is moderately damaged.
The white imp gestures at you. The puff of frost misses you.
The puff of frost hits the wretched star.
The wretched star resists.
You slice the wretched star!!
The wretched star is severely damaged.
The wretched star glows turbulently.
The lance of force hits you.
* * * LOW HITPOINT WARNING * * *
You are knocked back by the lance of force.
You slam into the metal wall!
You feel threatened and lose the ability to drink potions!
You die...

##. .. #.##
. # #.#~ #
.## ..# ~.#
# .
..~###.##≈#≈
#~..~~..#.#
#~~#.§...#
#~.*##..#
#@..##
#.#..#
..#..##
#..#..#.
#..#.#....
#.## .#..5##
#. .. .....
... #.#..
#.. ###.#.


You could see a wretched star and a white imp.

Vanquished Creatures
  The ghost of bmack86 the Cleaver, a journeyman MiFi of Okawaru (Lair:4)
  The ghost of ASSMAN the Basher, a journeyman GrFi of Zin (Lair:3)
  A vault guard (D:12)
  8 hydras
  2 ogre magi (D:10)
  2 catoblepae (Lair:5)
  A boulder beetle (D:10)
  3 centaur warriors (D:10)
  2 two-headed ogres
  2 death yaks
  Sonja (Lair:1)
  2 skeletal warriors
  Pikel (D:6)
  A lindwurm (Lair:5)
  A harpy (Lair:3)
  An orc knight (D:10)
  2 ugly things
  An orc sorcerer (Abyss:3)
  4 manticores
  10 black mambas
  Joseph (D:7)
  3 elephants (Lair:4)
  Maggie (Lair:1)
  An unseen horror (D:10)
  A freezing wraith (Abyss:3)
  4 rime drakes
  11 cane toads
  9 komodo dragons
  An ancient zyme (Abyss:3)
  2 trolls
  9 polar bears
  17 blink frogs
  Grinder (D:4)
  A hornet (D:10)
  2 raiju (Lair:5)
  14 dream sheep
  4 shadows
  4 slime creatures
  A spriggan (Lair:3)
  5 wraiths
  3 vampires
  61 yaks
  4 basilisks
  A steam dragon (D:8)
  A golden eye (Abyss:3)
  A neqoxec (Abyss:3)
  Menkaure (D:6)
  2 wargs (Lair:5)
  2 vampire mosquitoes (D:12)
  A naga (Lair:3)
  3 acid dragons
  Pargi (Sewer)
  12 hell hounds (Lair:5)
  11 water moccasins
  4 orc warriors
  A sky beast (D:7)
  An ice beast (D:7)
  12 black bears
  The ghost of sirJeffrey23 the Chopper, an amateur HOFi of Beogh (D:3)
  An ogre (D:6)
  31 wolves
  8 centaurs
  2 lemures
  4 kobold brigands
  2 phantoms
  11 bullfrogs
  A necrophage (D:7)
  A gnoll sergeant (D:12)
  4 scorpions
  5 wights (D:7)
  2 troll zombies (D:12)
  14 killer bees
  4 howler monkeys
  2 electric eels (D:9)
  4 hounds
  6 orc priests
  2 jellies
  Jessica (D:2)
  8 orc wizards
  2 iguanas (D:6)
  9 hell rats (Lair:2)
  4 ogre zombies (D:12)
  Robin (D:2)
  12 adders
  7 gnolls
  A shadow imp (D:6)
  A white imp (D:5)
  An ufetubus (D:6)
  3 worms
  5 dart slugs
  31 orcs
  10 endoplasms
  5 giant cockroaches
  17 goblins
  15 hobgoblins
  5 quokkas
  15 ball pythons
  9 bats
  10 frilled lizards
  2 goblin skeletons (D:12)
  2 goblin zombies (D:12)
  3 hobgoblin skeletons (D:12)
  2 hobgoblin zombies (D:12)
  30 kobolds
  10 orc zombies (D:12)
  14 rats
  A bush (Lair:2)
602 creatures vanquished.

Vanquished Creatures (collateral kills)
  A dire elephant (Lair:5)
  A hydra (Lair:3)
  A catoblepas (D:8)
  Erica (D:11)
  A death knight (D:10)
  2 death yaks (Lair:5)
  A lindwurm (Lair:3)
  A deep elf pyromancer (D:10)
  3 ugly things
  3 elephants
  2 black mambas
  A cane toad (Lair:1)
  A rime drake (Lair:2)
  3 komodo dragons
  2 trolls
  An ancient zyme (Abyss:3)
  3 blink frogs
  5 polar bears
  A raiju (Lair:5)
  3 dream sheep (Lair:1)
  A vampire (D:12)
  21 yaks
  3 wyverns
  3 golden eyes (Abyss:3)
  A wraith (D:12)
  A basilisk (Lair:2)
  2 wargs (Lair:5)
  3 acid dragons
  7 water moccasins
  2 hell hounds (Lair:5)
  An orc warrior (D:10)
  6 black bears
  2 centaurs
  6 wolves
  A kobold brigand (D:9)
  3 bullfrogs
  A troll zombie (D:12)
  5 killer bees
  A gnoll bouda (Lair:1)
  An orc priest (D:11)
  5 hell rats (Lair:2)
  An ogre zombie (D:12)
  A gnoll (D:12)
  4 orcs
  3 kobolds
  A goblin zombie (D:12)
  3 hobgoblin zombies (D:12)
  2 orc zombies (D:12)
128 creatures vanquished.

Vanquished Creatures (others)
  A vampire mosquito (D:10)
  2 ancestors (D:9)
  15 knights
  An orc (D:8)
  A bush (Lair:4)
  15 fungi
  75 plants
110 creatures vanquished.

Grand Total: 840 creatures vanquished

Notes
Turn   | Place    | Note
-------+----------+-------------------------------------------
     0 | D:1      | warriortoast the Barachi Fighter began the quest for the
                  | Orb.
     0 | D:1      | Reached XP level 1. HP: 18/18 MP: 1/1
   154 | D:1      | Reached XP level 2. HP: 22/25 MP: 2/2
   293 | D:1      | Reached skill level 4 in Fighting
   325 | D:1      | Reached XP level 3. HP: 25/30 MP: 3/3
   864 | D:2      | Noticed Robin
   884 | D:2      | Reached XP level 4. HP: 38/38 MP: 4/4
   893 | D:2      | Killed Robin
  1006 | D:2      | Reached skill level 5 in Fighting
  1121 | D:2      | Reached XP level 5. HP: 44/44 MP: 5/5
  1405 | D:2      | Noticed Jessica
  1407 | D:2      | Killed Jessica
  2479 | D:3      | Identified the +1 dagger of Pandemonium {venom, Str+4}
  2480 | D:3      | Found a runed translucent gate.
  2482 | D:3      | Noticed sirJeffrey23's ghost (amateur HOFi)
  2483 | D:3      | Found a runed translucent gate.
  2484 | D:3      | Found a runed translucent gate.
  2657 | D:3      | Identified the +5 war axe of Analysis {elec, rN++}
  2719 | D:3      | Found Duirph's Distillery.
  2727 | D:3      | Bought a potion of attraction for 33 gold pieces
  2727 | D:3      | Bought a potion of brilliance for 44 gold pieces
  2727 | D:3      | Bought a potion of curing for 33 gold pieces
  2727 | D:3      | Bought a potion of degeneration for 11 gold pieces
  3667 | D:3      | Killed sirJeffrey23's ghost
  3668 | D:3      | Reached skill level 6 in Fighting
  3668 | D:3      | Reached skill level 5 in Maces & Flails
  3668 | D:3      | Reached XP level 6. HP: 40/52 MP: 6/6
  3733 | D:4      | Noticed Grinder
  3747 | D:4      | Paralysed by Grinder for 2 turns
  3756 | D:4      | Killed Grinder
  3757 | D:4      | Reached skill level 7 in Fighting
  3757 | D:4      | Reached XP level 7. HP: 60/60 MP: 7/7
  4243 | D:3      | Bought a potion of flight for 33 gold pieces
  4243 | D:3      | Bought a potion of curing for 33 gold pieces
  4573 | D:5      | Entered Level 5 of the Dungeon
  4580 | D:5      | Reached skill level 8 in Fighting
  4664 | D:5      | Reached XP level 8. HP: 67/68 MP: 8/8
  4755 | D:5      | Reached skill level 1 in Axes
  4984 | D:5      | Reached skill level 9 in Fighting
  5398 | D:5      | Found a glowing silver altar of Zin.
  5405 | D:5      | Found a shimmering blue altar of Sif Muna.
  5660 | D:6      | Found a glowing drain.
  5680 | Sewer    | Entered a sewer
  5725 | Sewer    | Noticed Pargi
  5755 | Sewer    | Killed Pargi
  5995 | D:6      | Reached skill level 10 in Fighting
  5995 | D:6      | Reached skill level 5 in Axes
  6001 | D:6      | Reached XP level 9. HP: 54/78 MP: 9/9
  6059 | D:6      | Noticed Pikel
  6118 | D:6      | Noticed Menkaure
  6334 | D:6      | Killed Menkaure
  6502 | D:6      | Killed Pikel
  6503 | D:6      | Reached skill level 11 in Fighting
  6721 | D:6      | Found a broken altar of Ashenzari.
  7060 | D:7      | Reached skill level 12 in Fighting
  7283 | D:7      | Found a staircase to the Ecumenical Temple.
  7300 | Temple   | Entered the Ecumenical Temple
  7313 | Temple   | Became a worshipper of Hepliaklqana the Forgotten
  7365 | D:7      | Reached XP level 10. HP: 77/89 MP: 10/10
  7483 | D:7      | Noticed Joseph
  7497 | D:7      | Killed Joseph
  8151 | D:8      | Reached * piety under Hepliaklqana
  8164 | D:8      | Reached skill level 13 in Fighting
  8210 | D:8      | Reached skill level 5 in Armour
  8546 | D:8      | Found a staircase to the Lair.
  8932 | D:8      | Reached skill level 5 in Shields
  9623 | D:9      | Reached XP level 11. HP: 88/88 MP: 11/11
  9626 | D:9      | Reached skill level 1 in Throwing
  9630 | D:9      | Reached skill level 10 in Axes
 10861 | D:9      | Reached ** piety under Hepliaklqana
 10862 | D:9      | Remembered your ancestor Leofdaeg as a knight
 11233 | D:10     | Entered Level 10 of the Dungeon
 11301 | D:10     | Noticed a deep elf pyromancer
 11316 | D:10     | Noticed a manticore
 11318 | D:10     | Killed a deep elf pyromancer
 11324 | D:10     | Noticed a centaur warrior
 11329 | D:10     | Killed a manticore
 11390 | D:10     | Killed a centaur warrior
 11391 | D:10     | Reached skill level 14 in Fighting
 11609 | D:10     | Noticed a centaur warrior
 11924 | Lair:1   | Entered Level 1 of the Lair of Beasts
 12059 | Lair:1   | Reached XP level 12. HP: 96/96 MP: 12/12
 12237 | Lair:1   | Noticed a catoblepas
 12412 | D:8      | Killed a catoblepas
 12622 | Lair:1   | Noticed Sonja
 12633 | Lair:1   | Killed Sonja
 12770 | Lair:1   | Reached skill level 5 in Throwing
 13386 | Lair:1   | Noticed Maggie
 13395 | Lair:1   | Killed Maggie
 13825 | Lair:2   | Reached *** piety under Hepliaklqana
 13841 | Lair:1   | Reached skill level 15 in Fighting
 14683 | Lair:2   | Noticed a seven-headed hydra
 14789 | Lair:2   | Killed a seven-headed hydra
 14790 | Lair:2   | Gained mutation: You can hop long distances. [Barachi
                  | growth]
 14790 | Lair:2   | Reached XP level 13. HP: 58/104 MP: 13/13
 15191 | Lair:2   | Reached skill level 10 in Armour
 15632 | Lair:2   | You fall into a shaft and drop 1 floor!
 15653 | Lair:3   | Noticed ASSMAN's ghost (journeyman GrFi)
 15680 | Lair:3   | Reached **** piety under Hepliaklqana
 15683 | Lair:3   | Found a staircase to the Snake Pit.
 15683 | Lair:3   | Identified the ring of Muradu Weci {Wiz rElec rF+ Dex-4}
 15807 | Lair:3   | Found a transporter.
 15858 | Lair:3   | Found a staircase to the Shoals.
 16034 | Lair:3   | Found a transporter.
 16809 | Lair:4   | Upgraded the game from 0.30-a0-696-g2367cd04db to
                  | 0.30-a0-715-gdb4ae3ece1
 16831 | Lair:4   | Found a runed translucent gate.
 16831 | Lair:4   | Found a runed translucent gate.
 16832 | Lair:4   | Found a runed translucent gate.
 16833 | Lair:4   | Noticed bmack86's ghost (journeyman MiFi)
 16840 | Lair:4   | Reached skill level 10 in Shields
 16966 | Lair:4   | Reached skill level 16 in Fighting
 17145 | Lair:4   | Reached ***** piety under Hepliaklqana
 17808 | Lair:4   | Killed bmack86's ghost
 18098 | Lair:5   | Entered Level 5 of the Lair of Beasts
 18171 | Lair:5   | Found a staircase to the Slime Pits.
 18243 | Lair:5   | Reached XP level 14. HP: 53/113 MP: 14/14
 18849 | Lair:5   | Reached skill level 17 in Fighting
 20391 | Lair:5   | Identified the +6 ring mail "Qiginuf" {Fly}
 20518 | Lair:5   | Reached skill level 10 in Throwing
 20772 | Lair:5   | Reached skill level 18 in Fighting
 20805 | Lair:5   | Noticed a dire elephant
 20821 | Lair:5   | Killed a dire elephant
 20827 | Lair:5   | Identified the amulet of Moral Flaws {RegenMP Int+4 Dex+3}
 21305 | Lair:3   | Reached XP level 15. HP: 122/122 MP: 15/15
 21547 | Lair:3   | Killed ASSMAN's ghost
 22524 | D:10     | Paralysed by an orc knight for 3 turns
 22892 | D:10     | Found the +7 Spriggan's Knife {stab, EV+4 Stlth+}
 22909 | D:10     | Got the Volume of Fascination
 23712 | D:10     | Reached skill level 1 in Spellcasting
 23763 | D:10     | Reached skill level 1 in Invocations
 24317 | D:3      | Bought a potion of curing for 33 gold pieces
 24317 | D:3      | Bought a potion of curing for 33 gold pieces
 24603 | D:11     | Noticed Erica
 24620 | D:11     | Killed Erica
 25517 | D:12     | Found a staircase to the Orcish Mines.
 25612 | D:12     | Found Vyluf's Armour Shop.
 25746 | D:12     | Found a portal to a secret trove of treasure.
 25808 | D:12     | Noticed Erolcha
 25812 | Abyss:2  | Cast into level 2 of the Abyss (Erolcha)
 25908 | Abyss:3  | Noticed a deep elf elementalist
 25999 | Abyss:3  | Found a corrupted altar of Lugonu.
 26098 | Abyss:4  | Collided with a metal wall

Illustrated notes

Levels and vault maps discovered:
D:1:      dpeg_arrival_rooms_c, layout_loops_ring, fountainhead,
          minmay_split_cup_large
D:2:      minmay_diamond_boxcup, layout_loops_ring, serial_glass,
          glass_columns_c, glass_columns_c, uniq_robin, uniq_jessica
D:3:      layout_loops_corners, serial_shops, nicolae_diamond_shop,
          biasface_ghost_orc_armoury
D:4:      layout_cave_pools, uniq_grinder
D:5:      layout_gridville, amethyst_overflow_temple_binary
D:6:      cheibrodos_iron_armory, layout_basic, nicolae_overflow_crystal_walls,
          portal_sewer_entry_c, uniq_menkaure, uniq_pikel
D:7:      layout_loops_ring, minmay_temple_entry_large_hall, uniq_joseph
D:8:      layout_basic, lair_entry_dummy
D:9:      layout_stronghold, serial_bayou_ford_a
D:10:     minmay_the_grid_octo_triangle [minmay_the_grid_octo_clover,
          minmay_the_grid_octo_prize_star, minmay_the_grid_octo_focus],
          layout_loops_cross, kennysheep_nub, david_greed
D:11:     layout_long_grid, uniq_erica
D:12:     layout_roguey, zombieorc2_lemuel, serial_shops,
          nicolae_shop_statue_plus, enter_trove_5, uniq_erolcha
Temple:   nicolae_temple_bog_church
Lair:1:   wad_woods_structure_01, layout_hall_layers,
          chequers_serial_rivers_room_a, dreamdust_gnoll_shepherd, uniq_sonja,
          uniq_maggie
Lair:2:   layout_layer_cave
Lair:3:   layout_loops_ring, nicolae_shoals_entry_roost,
          guppyfry_snake_entry_garden, nzn_ghost_randoct
Lair:4:   layout_big_grid, gammafunk_ghost_hydra_chop,
          grunt_forest_stairs_clearing
Lair:5:   hangedman_lair_caniforms_friends, layout_cave_pods,
          hangedman_lair_in_review, minmay_slime_entry_pillars
Abyss:4:  base: D:15, patterned_corridor, eino_small_chamber_without_monster,
          evilmike_abyss_exit_glass, hangedman_abyss_or_decor_lesser_grid, base:
D:15

Skill      XL: |  1  2  3  4  5  6  7  8  9 10 11 12 13 14 15 |
---------------+----------------------------------------------+-----
Fighting       | 4 5 6 7 8 10 12 13 14 15 16 18 | 18.3
Maces & Flails | 3 4 5 6 |  6.9
Axes           | 5 8 9 10 12 13 14 | 14.3
Armour         | 5 7 9 10 | 10.7
Shields        | 5 7 9 10 | 10.6
Throwing       | 4 5 8 11 13 | 13.0
Spellcasting   | 3 |  3.0
Invocations    | 2 |  2.7

Action                     |  1- 3 |  4- 6 |  7- 9 | 10-12 | 13-15 || total
---------------------------+-------+-------+-------+-------+-------++-------
  Melee: Flail             |   147 |   206 |    93 |       |       ||   446
         War axe           |       |       |   221 |   487 |   822 ||  1530
         Morningstar       |       |       |       |     2 |    67 ||    69
  Throw: Boomerang         |       |       |    23 |     3 |   142 ||   168
         Dart              |       |       |       |    51 |       ||    51
 Invoke: Recall Ancestor   |       |       |       |     3 |     8 ||    11
         Ancestor Life: Kn |       |       |       |     1 |       ||     1
         Transference      |       |       |       |       |     1 ||     1
Ability: Hop               |       |     2 |     4 |     4 |    11 ||    21
  Evoke: Wand              |       |       |     3 |     3 |     4 ||    10
    Use: Scroll            |       |     3 |     6 |    11 |    11 ||    31
         Potion            |       |     3 |     1 |       |    10 ||    14
   Stab: Distracted        |       |       |       |       |     6 ||     6
         Invisible         |       |       |       |       |     1 ||     1
         Petrified         |       |       |       |       |     2 ||     2
         Petrifying        |       |       |       |       |     1 ||     1
 Armour: Scale mail        |   108 |    84 |   174 |   139 |       ||   505
         Skin              |       |     9 |       |     4 |    58 ||    71
         Swamp dragon scal |       |       |       |     9 |   281 ||   290
         Ring mail         |       |       |       |       |   136 ||   136
  Dodge: Dodged            |    86 |    89 |   165 |   292 |   613 ||  1245
  Block: Buckler           |    35 |    45 |    84 |   114 |   325 ||   603

Table legend: (Time is in decaauts)
 A = Elapsed time spent in this place.
 B = Non-inter-level travel time spent in this place.
 C = Inter-level travel time spent in this place.
 D = Time resting spent in this place.
 E = Time spent auto-exploring this place.
 F = Levels seen in this place.
 G = Mean time per level.
                   A        B        C        D        E       F      G
               +--------+--------+--------+--------+--------+-----+--------+
         Total |  28869 |  26559 |   2310 |   8016 |  12459 |  22 | 1312.2 |
       Dungeon |  17707 |  16243 |   1464 |   4592 |   8236 |  12 | 1475.6 |
        Temple |     29 |     17 |     12 |      0 |      0 |   1 |   29.0 |
          Lair |  10499 |   9666 |    833 |   3254 |   4107 |   5 | 2099.8 |
         Abyss |    312 |    312 |      0 |     56 |      0 |   3 |  104.0 |
         Sewer |    320 |    320 |      0 |    113 |    115 |   1 |  320.0 |
               +--------+--------+--------+--------+--------+-----+--------+

Top non-repeatable levels by time:
     D:9: 3531 daAuts
  Lair:5: 2732 daAuts
  Lair:1: 2660 daAuts
     D:3: 2516 daAuts
  Lair:3: 1930 daAuts
     D:8: 1834 daAuts
    D:10: 1719 daAuts
  Lair:4: 1629 daAuts
     D:5: 1583 daAuts
  Lair:2: 1547 daAuts
     D:7: 1170 daAuts
     D:2: 1107 daAuts
     D:6: 1000 daAuts
    D:11: 961 daAuts
     D:1: 918 daAuts
